 Dungeon Crawl Stone Soup version 0.20-a0-268-gb6bde61 (console) character file.

78 nht the Ruffian (level 4, -2/35 HPs)
             Began as a Draconian Transmuter on Dec 7, 2016.
             Slain by Natasha (9 damage)
             ... on level 2 of the Dungeon.
             The game lasted 00:02:16 (1348 turns).

nht the Ruffian (Draconian Transmuter)              Turns: 1348, Time: 00:02:16

Health: -2/35      AC:  5    Str: 10 (13) XL:     4   Next: 15%
Magic:  7/7        EV: 12    Int: 12 (14) God:
Gold:   67         SH:  0    Dex: 11      Spells: 6/7 levels left

rFire  . . .     SeeInvis .       - Unarmed
rCold  . . .     Gourm    .     (armour unavailable)
rNeg   . . .     Faith    .     (no shield)
rPois  .         Spirit   .     (helmet restricted)
rElec  .         Reflect  .     (no cloak)
rCorr  .         Harm     .     (no gloves)
MR     .....                    (no boots)
Stlth  +.........               (no amulet)
                                (no ring)
                                (no ring)

@: appendage (expiring), slowed, very slow
A: unfitting armour, horns 2, cold-blooded, AC +5
a: End Transformation


You were on level 2 of the Dungeon.
You were hungry.
You had grown temporary horns.
You visited 1 branch of the dungeon, and saw 2 of its levels.

You collected 67 gold pieces.

Inventory:

Missiles
 a - 34 arrows
Scrolls
 d - a scroll of fog {unknown}
 e - a scroll of enchant weapon {unknown}
 g - 2 scrolls of identify {unknown}
 h - a scroll of amnesia {unknown}
 i - a scroll of noise {unknown}
 j - a scroll of random uselessness {unknown}
 k - 3 scrolls of remove curse {unknown}
Potions
 m - a potion of degeneration
Books
 b - a book of Changes

   Spells                             Type                      Level
   a - Beastly Appendage              Transmutation                1
   b - Sticks to Snakes               Transmutation                2
   c - Spider Form                    Transmutation/Poison         3
   d - Ice Form                       Ice/Transmutation            4
   e - Blade Hands                    Transmutation                5
Comestibles
 c - 2 bread rations
 f - a meat ration


   Skills:
 - Level 1.1 Fighting
 - Level 1.7 Dodging
 + Level 5.0 Unarmed Combat
 - Level 2.0 Spellcasting
 - Level 2.0 Transmutations


You had 6 spell levels left.
You knew the following spells:

 Your Spells              Type           Power        Failure   Level  Hunger
a - Beastly Appendage     Tmut           #.....       12%         1    ##.....


Dungeon Overview and Level Annotations

Branches:
Dungeon (2/15)

Altars:

Annotations:
D:2 Natasha


Innate Abilities, Weirdness & Mutations

Your plain brown scales are hard. (AC +5)
You cannot fit into any form of body armour.
You are cold-blooded and may be slowed by cold attacks.
You have a pair of horns on your head.


Message History

The shadow imp closely misses you. Natasha closely misses you.
The white imp hits you but does no damage.
The shadow imp closely misses you. The white imp misses you. Natasha claws you!
You closely miss Natasha.
Natasha is moderately wounded.
The shadow imp misses you. Natasha barely misses you. The white imp hits you.
* * * LOW HITPOINT WARNING * * *
The white imp freezes you.
You feel as though you will be slow longer.
* * * LOW HITPOINT WARNING * * *
Okay, then.
You closely miss Natasha.
You tail-slap Natasha, but do no damage.
Natasha is moderately wounded.
The shadow imp summons a swarm of flies.
The shadow imp closely misses you.
The white imp laughs crazily.
The white imp gestures at you. The puff of frost misses you. Natasha claws you!
You die...

█.......█ █.█ ██.....██
██.██ ██...██ █...█
██..█ █...█████ ██.█
█........< █.█
█████...█████.
███████.███...........█.
.<.██...................
██.██.█(███....5@h....█
█.██.█.█ █████.5.█████.
█.██.█.█ █.........
█.██...█ █...████
█.██..██ █...█ █(....█
██.██ █████.█ █.█
█.███████ █.█
██████.......█ █.█


You could see Natasha, a white imp and a shadow imp.

Vanquished Creatures
  Natasha (D:2)
  An adder (D:2)
  An ooze (D:2)
  2 leopard geckos
  3 giant cockroaches
  2 goblins (D:1)
  4 hobgoblins (D:1)
  4 jackals (D:1)
  3 bats (D:1)
  3 frilled lizards
  3 kobolds (D:1)
  14 rats (D:1)
41 creatures vanquished.

Notes
Turn   | Place    | Note
-------+----------+-------------------------------------------
     0 | D:1      | nht the Draconian Transmuter began the quest for the Orb.
     0 | D:1      | Reached XP level 1. HP: 16/16 MP: 3/3
    51 | D:1      | Reached XP level 2. HP: 17/23 MP: 5/5
   230 | D:1      | Reached skill level 4 in Unarmed Combat
   590 | D:1      | Reached XP level 3. HP: 28/28 MP: 6/6
   891 | D:2      | Noticed Natasha
  1157 | D:2      | Killed Natasha
  1157 | D:2      | Reached skill level 5 in Unarmed Combat
  1157 | D:2      | Reached XP level 4. HP: 26/35 MP: 7/7
  1337 | D:2      | Noticed Natasha
  1348 | D:2      | Slain by Natasha

Vault maps used:
D:1:      erik_arrival_orb_chamber
D:2:      item_on_display_a, uniq_natasha

Skill      XL: |  1  2  3 |
---------------+----------+-----
Unarmed Combat | 4 5 |  5.0
Fighting       | |  1.1
Dodging        | |  1.7
Spellcasting   | |  2.0
Transmutations | |  2.0

Action                   |  1- 3 |  4- 6 || total
-------------------------+-------+-------++-------
Melee: Unarmed           |   148 |    14 ||   162
       Tailslap          |    11 |     1 ||    12
       Headbutt          |     5 |       ||     5
       Kick              |    10 |       ||    10
       Punch             |     2 |       ||     2
 Cast: Beastly Appendage |    10 |     1 ||    11
  Use: Potion            |     3 |       ||     3
 Stab: Sleeping          |     2 |       ||     2
  Eat: Chunk             |     1 |       ||     1
Armor: Skin              |    56 |     3 ||    59
Dodge: Dodged            |   112 |    15 ||   127
